 Dungeon Crawl Stone Soup version 0.26.0-91-g99b343417d (webtiles) character file.

Game seed: 9394300653154695415

456 pbellow the Skirmisher (level 7, 0/65 HPs)
             Began as a Hill Orc Fighter on Feb 4, 2021.
             Succumbed to an orc's poison
             ... on level 4 of the Dungeon.
             The game lasted 00:12:37 (3415 turns).

pbellow the Skirmisher (Hill Orc Fighter)           Turns: 3415, Time: 00:12:37

Health: 0/65       AC: 11    Str: 21    XL:     7   Next: 6%
Magic:  7/7        EV:  5    Int: 14    God:
Gold:   98         SH:  9    Dex: 10    Spells: 6/6 levels left

rFire    . . .     SeeInvis .   g - +3 short sword (drain)
rCold    . . .     Faith    .   c - +0 kite shield
rNeg     . . .     Spirit   .   m - +0 chain mail
rPois    .         Reflect  .   (no helmet)
rElec    .         Harm     .   (no cloak)
rCorr    .         Rampage  .   i - +0 pair of gloves
Will     .....     Clarity  +   (no boots)
Stlth    ..........             (no amulet)
HPRegen  0.20/turn              r - +6 ring of intelligence
MPRegen  0.10/turn              (no ring)

@: mighty, brilliant, lethally poisoned (0 -> -5), hasted, very quick
A: talons 1, rugged brown scales 1, clarity, screaming 1
a: no special abilities


You were on level 4 of the Dungeon.
You visited 1 branch of the dungeon, and saw 4 of its levels.

You collected 98 gold pieces.

Inventory:

Hand Weapons
 a - a +0 war axe
 g - a +3 short sword of draining (weapon)
Armour
 b - a +0 scale mail
 c - a +0 kite shield (worn)
 i - a +0 pair of gloves (worn)
 m - a +0 chain mail (worn)
 n - a +0 buckler
Jewellery
 q - an uncursed ring of magical power
 r - a +6 ring of intelligence (left hand)
Wands
 k - a wand of random effects (15)
Scrolls
 e - a scroll of fog {unknown}
 h - a scroll of immolation {unknown}
Potions
 d - a potion of might
 f - a potion of brilliance
 j - a potion of flight
 o - 2 potions of lignification


   Skills:
 + Level 6.8 Fighting
 + Level 4.4 Short Blades
 - Level 3.1 Axes
 - Level 3.6 Armour
 - Level 3.6 Shields


You had 6 spell levels left.
You didn't know any spells.
Your spell library was empty.

Dungeon Overview and Level Annotations

Branches:
Dungeon (4/15)             Temple (0/1) D:4

Altars:
Dithmenos
Makhleb
Qazlal
Uskayaw
Xom


Innate Abilities, Weirdness & Mutations

You have sharp toenails.
You are partially covered in rugged brown scales. (AC +1, +3% HP)
You possess an exceptional clarity of mind.
You occasionally shout uncontrollably at your foes.


Message History

* * * LOW HITPOINT WARNING * * *
You feel sick.
* * * LOW HITPOINT WARNING * * *
You feel sick.
You open the door.
* * * LOW HITPOINT WARNING * * *
You feel sick.
* * * LOW HITPOINT WARNING * * *
You feel sick.
There is an open door here.
* * * LOW HITPOINT WARNING * * *
You feel sick.
* * * LOW HITPOINT WARNING * * *
You feel sick.
* * * LOW HITPOINT WARNING * * *
You feel sick.
* * * LOW HITPOINT WARNING * * *
You feel sick.
The hiss of flowing sand is almost imperceptible now.
You die...

....# ###.# .# #.# .#
#.# .# #.########## .#
#..........####.##
..#<)..............+ .
..#.[........####.##....
#.#..†)......'..@.......
........)....#.....#####
#.###...)....#.....#
..###..).....#........
##..'.....#....#......#
#.##.....#....#......#
##.##.....#....###+#..#
...##.....#..... ..#
...######.# .##


There were no monsters in sight!

Vanquished Creatures
  Menkaure (D:4)
  Edmund (D:4)
  3 orc wizards
  Terence (D:2)
  Robin (D:2)
  3 adders
  A gnoll (D:1)
  2 oozes (D:2)
  2 worms (D:3)
  2 dart slugs
  2 leopard geckos
  11 orcs
  4 giant cockroaches
  20 goblins
  6 hobgoblins
  3 jackals (D:4)
  A quokka (D:3)
  13 bats
  4 frilled lizards
  3 kobolds
  A leopard gecko skeleton (D:4)
  4 rats
89 creatures vanquished.

Notes
Turn   | Place    | Note
-------+----------+-------------------------------------------
     0 | D:1      | pbellow the Hill Orc Fighter began the quest for the Orb.
     0 | D:1      | Reached XP level 1. HP: 19/19 MP: 1/1
   119 | D:1      | Reached XP level 2. HP: 27/27 MP: 2/2
   425 | D:1      | Reached skill level 4 in Fighting
   425 | D:1      | Reached XP level 3. HP: 33/33 MP: 3/3
   909 | D:2      | Noticed Robin
   916 | D:2      | Reached skill level 1 in Short Blades
   927 | D:2      | Killed Robin
   928 | D:2      | Reached XP level 4. HP: 17/41 MP: 4/4
  1211 | D:2      | Found a faded altar of an unknown god.
  1307 | D:2      | Noticed Terence
  1309 | D:2      | Killed Terence
  1310 | D:2      | Reached skill level 5 in Fighting
  1654 | D:2      | Found a burning altar of Makhleb.
  1654 | D:2      | Noticed an Executioner
  1821 | D:3      | Reached XP level 5. HP: 48/48 MP: 5/5
  1891 | D:3      | Gained mutation: You have sharp toenails. [potion of
                  | mutation]
  1891 | D:3      | Gained mutation: You are strong-willed. (Will+) [potion of
                  | mutation]
  1893 | D:3      | Lost mutation: You are strong-willed. (Will+) [potion of
                  | mutation]
  1893 | D:3      | Lost mutation: You have sharp toenails. [potion of
                  | mutation]
  1893 | D:3      | Gained mutation: Your spells are a little harder to cast,
                  | but a little more powerful. [potion of mutation]
  1893 | D:3      | Gained mutation: You are partially covered in slimy green
                  | scales. (AC +2) [potion of mutation]
  1894 | D:3      | Lost mutation: Your spells are a little harder to cast, but
                  | a little more powerful. [potion of mutation]
  1894 | D:3      | Lost mutation: You are partially covered in slimy green
                  | scales. (AC +2) [potion of mutation]
  1894 | D:3      | Gained mutation: You occasionally shout uncontrollably at
                  | your foes. [potion of mutation]
  1894 | D:3      | Gained mutation: You possess an exceptional clarity of
                  | mind. [potion of mutation]
  1894 | D:3      | Gained mutation: You have sharp toenails. [potion of
                  | mutation]
  1894 | D:3      | Gained mutation: You are partially covered in rugged brown
                  | scales. (AC +1, +3% HP) [potion of mutation]
  2329 | D:3      | Found a hide-covered altar of Uskayaw.
  2361 | D:3      | Found a stormy altar of Qazlal.
  2754 | D:4      | Found a staircase to the Ecumenical Temple.
  2777 | D:4      | Found a shimmering altar of Xom.
  2856 | D:4      | Found a shadowy altar of Dithmenos.
  2872 | D:4      | Noticed Edmund
  2873 | D:4      | Noticed Menkaure
  3135 | D:4      | Killed Edmund
  3136 | D:4      | Reached skill level 6 in Fighting
  3136 | D:4      | Reached XP level 6. HP: 58/58 MP: 6/6
  3143 | D:4      | Killed Menkaure
  3384 | D:4      | Reached XP level 7. HP: 50/65 MP: 7/7
  3408 | D:4      | HP: 3/65 [poisoned by an orc]
  3413 | D:4      | HP: 1/65 [poisoned by an orc]
  3415 | D:4      | Succumbed to an orc's poison

Illustrated notes

Levels and vault maps discovered:
D:1:      dpeg_arrival_simpleton_c, layout_basic, serial_curves, eino_curves_01,
          eino_curves_01, st_stairs_2, glass_columns_b
D:2:      layout_basic, makhleb_altar_promises_db,
          chequers_ecumenical_altar_simple, uniq_terence, uniq_robin
D:3:      layout_basic, eat_drink_and_be_merry_uskayaw, lemuel_crystal_altar
D:4:      layout_basic, xom_butterflies, minmay_temple_entry_arrows,
          enter_ossuary_5, minmay_misc_feat_chi,
          grunt_dithmenos_smoke_and_mirrors, uniq_blork_the_orc, uniq_natasha,
          uniq_edmund, uniq_menkaure

Skill      XL: |  1  2  3  4  5  6 |
---------------+-------------------+-----
Axes           | 3 |  3.1
Fighting       | 4 5 6 |  6.8
Short Blades   | 1 2 3 4 |  4.4
Armour         | |  3.6
Shields        | |  3.6

Action                   |  1- 3 |  4- 6 |  7- 9 || total
-------------------------+-------+-------+-------++-------
Melee: War axe           |    36 |       |       ||    36
       Short sword       |    53 |   131 |     7 ||   191
       Kick              |       |    12 |     2 ||    14
  Use: Scroll            |       |     7 |       ||     7
       Potion            |       |     7 |     3 ||    10
Armor: Scale mail        |    44 |       |       ||    44
       Chain mail        |    13 |    60 |     3 ||    76
Dodge: Dodged            |    40 |    18 |     3 ||    61
Block: Kite shield       |    52 |    56 |     5 ||   113
